 Dungeon Crawl Stone Soup version 0.30-a0-335-ge5acde7520 (webtiles) character file.

Game seed: 14265570676669902840

156 jfcaron the Poker (level 5, 0/43 HPs)
             Began as a Gnoll Reaver on Oct 30, 2022.
             Slain by a kobold brigand
             ... wielding a +0 dagger
              (3 damage)
             ... in a sewer.
             The game lasted 00:09:23 (2022 turns).

jfcaron the Poker (Gnoll Reaver)                    Turns: 2022, Time: 00:09:24

Health: 0/43       AC:  9    Str: 13    XL:     5   Next: 38%
Magic:  12/12      EV:  6    Int: 12    God:
Gold:   121        SH:  0    Dex: 11    Spells: 11/14 levels left

rFire   . . .      SeeInvis .    a - +0 spear
rCold   . . .      Faith    .    (no shield)
rNeg    . . .      Spirit   .    n - +1 chain mail
rPois   .          Reflect  .    (no helmet)
rElec   .          Harm     .    (no cloak)
rCorr   .          Rampage  .    (no gloves)
Will    .....                    (no boots)
Stlth   ..........               (no amulet)
HPRegen 0.27/turn                (no ring)
MPRegen 0.13/turn                (no ring)

@: mighty, lethally poisoned (0 -> -3), flying, slowed, very slow
A: fangs 1, strong nose, distributed training, sense surroundings 1
a: no special abilities


You were in a sewer.
You visited 1 branch of the dungeon, and saw 3 of its levels.
You also visited: Sewer.

You collected 121 gold pieces.

Inventory:

Hand Weapons
 a - a +0 spear (weapon)
Armour
 b - a +0 leather armour
 k - a +0 helmet
 n - a +1 chain mail (worn)
Magical Staves
 m - a staff of cold
Jewellery
 h - a ring of fire
Scrolls
 c - a scroll of fog
 d - 2 scrolls of blinking
 f - a scroll of immolation
 i - a scroll of identify
Potions
 q - a potion of brilliance {unknown}


   Skills:
 + Level 4.8 Fighting
 + Level 1.5 Short Blades
 + Level 1.5 Long Blades
 + Level 1.5 Axes
 + Level 1.5 Maces & Flails
 + Level 6.7 Polearms
 + Level 1.5 Staves
 + Level 1.5 Ranged Weapons
 + Level 1.5 Throwing
 + Level 1.5 Armour
 + Level 4.8 Dodging
 + Level 1.5 Stealth
 + Level 1.5 Shields
 + Level 1.5 Unarmed Combat
 + Level 5.2 Spellcasting
 + Level 5.5 Conjurations
 + Level 1.2 Hexes
 + Level 1.2 Summonings
 + Level 1.2 Necromancy
 + Level 1.2 Translocations
 + Level 1.2 Transmutations
 + Level 1.2 Fire Magic
 + Level 1.2 Ice Magic
 + Level 1.2 Air Magic
 + Level 1.2 Earth Magic
 + Level 1.2 Poison Magic
 + Level 1.7 Invocations
 + Level 1.5 Evocations


You had 11 spell levels left.
You knew the following spells:

 Your Spells              Type           Power      Damage    Failure   Level
a - Kiss of Death         Conj/Necr      44%        2d8       86%         1
b - Momentum Strike       Conj/Tloc      22%        3d8       94%         2

Your spell library contained the following spells:

 Spells                   Type           Power      Damage    Failure   Level
 Sublimation of Blood     Necr           6%         N/A       99%         2
 Wereblood                Tmut           6%         N/A       99%         2
 Hailstorm                Conj/Ice       11%        3d5       99%         3
 Ignite Poison            Fire/Tmut/Pois 6%         N/A       100%        3
 Kindle Blastsparks       Fire/Tloc/Air  12%        2d11      100%        3
 Airstrike                Air            3%         2d(1-17)  100%        4
 Summon Lightning Spire   Summ/Air       6%         N/A       100%        4
 Freezing Cloud           Conj/Ice/Air   4%         6-21      100%        5
 Lightning Bolt           Conj/Air       5%         1d17      100%        5
 Summon Hydra             Summ           3%         N/A       100%        7


Dungeon Overview and Level Annotations

Branches:
Dungeon (3/15)              Sewer (1/1)

Altars:
Ashenzari

Shops:
D:1 *((


Innate Abilities, Weirdness & Mutations

You have very sharp teeth.
Your uncanny sense of smell can sniff out nearby items.
Your experience applies equally to all skills.
You passively map a small area around you.


Message History

The curare-tipped dart hits you.
You are more poisoned.
You have difficulty breathing.
You feel as though you will be slow longer.
You reach to attack!
You hit the kobold brigand.
The kobold brigand is lightly wounded.
You feel very sick.
Unknown command.
You hit the kobold brigand but do no damage.
The kobold brigand is lightly wounded.
You feel very sick.
The kobold brigand hits you but does no damage.
You hit the kobold brigand but do no damage.
The kobold brigand is lightly wounded.
You feel very sick.
The kobold brigand hits you with a +0 dagger.
* * * LOW HITPOINT WARNING * * *
The kobold brigand completely misses you.
It was a potion of mutation.
You feel extremely strange.
You feel a strange attunement to the structure of the dungeons.
* * * LOW HITPOINT WARNING * * *
You feel very sick.
The kobold brigand hits you with a +0 dagger.
* * * LOW HITPOINT WARNING * * *
It was a potion of flight.
You feel very buoyant.
You fly up into the air.
* * * LOW HITPOINT WARNING * * *
You feel very sick.
The kobold brigand hits you but does no damage.
The kobold brigand barely misses you.
Unknown command.
Okay, then.
Unknown command.
It was a potion of might.
You feel very mighty all of a sudden.
* * * LOW HITPOINT WARNING * * *
You feel sick.
The kobold brigand hits you with a +0 dagger.
You die...

#.~~.## ##.~~.# * #
#.~~.~#####.~~~.# #####~~~
##..~.~..~~.~..########~~~~.#
###.~.~~~~~~####.....†~###~S~
##~..~~.~## #.~.~~.~~# * #
##~..~~.~####.~~..~~~#
,##~.~~.~..~##~~~.####~~.~~
~~~~~.~.~....~....## #####.~
~~~....~...~.@K~~## *
#~~....~....~~~.~~#
#~~..~..∩.∩~.~~.~.#
#~~.~~~....~.~~~~.#
*~~~..~.~..~~.~.~~#*
~.~..~~~~~~.~.~..
##.~~~....~##~...* *
##.~....~## #~~.. ~ ~
*#~...~~~# , ,


You could see a kobold brigand.

Vanquished Creatures
  5 adders
  3 river rats (D:3)
  4 worms
  2 dart slugs
  7 endoplasms
  3 giant cockroaches (D:1)
  4 goblins
  3 hobgoblins (D:1)
  3 jackals (D:3)
  7 kobolds
  2 quokkas (D:1)
  13 ball pythons
  4 bats
  3 frilled lizards
  8 rats
71 creatures vanquished.

Notes
Turn   | Place    | Note
-------+----------+-------------------------------------------
     0 | D:1      | jfcaron the Gnoll Reaver began the quest for the Orb.
     0 | D:1      | Reached XP level 1. HP: 20/20 MP: 6/6
    57 | D:1      | Reached XP level 2. HP: 26/26 MP: 7/7
    73 | D:1      | Learned a level 2 spell: Momentum Strike
   127 | D:1      | Found Orocyf Pasti's Antique Weapon Shop.
   474 | D:1      | Reached skill level 5 in Spellcasting
   474 | D:1      | Reached XP level 3. HP: 31/31 MP: 7/9
   495 | D:1      | Found Turoed's General Store.
   582 | D:1      | Found Raxuruk's Weapon Shop.
   598 | D:1      | Reached skill level 1 in Invocations
   738 | D:2      | Reached skill level 1 in Short Blades
   738 | D:2      | Reached skill level 1 in Long Blades
   738 | D:2      | Reached skill level 1 in Axes
   738 | D:2      | Reached skill level 1 in Maces & Flails
   738 | D:2      | Reached skill level 1 in Staves
   738 | D:2      | Reached skill level 1 in Ranged Weapons
   738 | D:2      | Reached skill level 1 in Throwing
   738 | D:2      | Reached skill level 1 in Armour
   738 | D:2      | Reached skill level 1 in Stealth
   738 | D:2      | Reached skill level 1 in Shields
   738 | D:2      | Reached skill level 1 in Unarmed Combat
   738 | D:2      | Reached skill level 1 in Evocations
   822 | D:2      | Reached XP level 4. HP: 32/35 MP: 11/11
  1054 | D:2      | Found a broken altar of Ashenzari.
  1167 | D:2      | Reached skill level 1 in Hexes
  1167 | D:2      | Reached skill level 1 in Summonings
  1167 | D:2      | Reached skill level 1 in Necromancy
  1167 | D:2      | Reached skill level 1 in Translocations
  1167 | D:2      | Reached skill level 1 in Transmutations
  1167 | D:2      | Reached skill level 1 in Fire Magic
  1167 | D:2      | Reached skill level 1 in Ice Magic
  1167 | D:2      | Reached skill level 1 in Air Magic
  1167 | D:2      | Reached skill level 1 in Earth Magic
  1167 | D:2      | Reached skill level 1 in Poison Magic
  1662 | D:3      | Reached XP level 5. HP: 39/43 MP: 12/12
  1732 | D:3      | Found a glowing drain.
  1813 | Sewer    | Entered a sewer
  1996 | Sewer    | Noticed a kobold brigand
  2020 | Sewer    | Gained mutation: You passively map a small area around you.
                  | [potion of mutation]
  2020 | Sewer    | HP: 8/43 [poisoned by a kobold brigand (curare-tipped
                  | dart)]
  2022 | Sewer    | HP: 3/43 [poisoned by a kobold brigand (curare-tipped
                  | dart)]
  2022 | Sewer    | Slain by a kobold brigand

Illustrated notes

Levels and vault maps discovered:
D:1:      psy_arrival_basics, layout_loops_ring, serial_shops,
          nicolae_shop_behind_doors, shop, nicolae_diamond_shop,
          serial_bayou_ford_a
D:2:      layout_basic, basic_altar
D:3:      layout_loops_corners, lightli_sewer_entry_pipes, minivault_23
Sewer:    sewer_co_tree

Skill      XL: |  1  2  3  4 |
---------------+-------------+-----
Spellcasting   | 5 |  5.2
Invocations    | 1 |  1.7
Short Blades   | 1 |  1.5
Long Blades    | 1 |  1.5
Axes           | 1 |  1.5
Maces & Flails | 1 |  1.5
Staves         | 1 |  1.5
Ranged Weapons | 1 |  1.5
Throwing       | 1 |  1.5
Armour         | 1 |  1.5
Stealth        | 1 |  1.5
Shields        | 1 |  1.5
Unarmed Combat | 1 |  1.5
Evocations     | 1 |  1.5
Hexes          | 1 |  1.2
Summonings     | 1 |  1.2
Necromancy     | 1 |  1.2
Translocations | 1 |  1.2
Transmutations | 1 |  1.2
Fire Magic     | 1 |  1.2
Ice Magic      | 1 |  1.2
Air Magic      | 1 |  1.2
Earth Magic    | 1 |  1.2
Poison Magic   | 1 |  1.2
Fighting       | |  4.8
Polearms       | |  6.7
Dodging        | |  4.8
Conjurations   | |  5.5

Action                   |  1- 3 |  4- 6 || total
-------------------------+-------+-------++-------
Melee: Spear             |   108 |   202 ||   310
       Bite              |     2 |     6 ||     8
       Punch             |     1 |     5 ||     6
Throw: Stone             |    13 |       ||    13
 Cast: Kiss of Death     |     1 |       ||     1
  Use: Scroll            |       |     6 ||     6
       Potion            |       |     7 ||     7
 Stab: Sleeping          |     2 |       ||     2
Armor: Leather armour    |    16 |     1 ||    17
       Chain mail        |       |    63 ||    63
Dodge: Dodged            |    36 |    50 ||    86

Table legend: (Time is in decaauts)
 A = Elapsed time spent in this place.
 B = Non-inter-level travel time spent in this place.
 C = Inter-level travel time spent in this place.
 D = Time resting spent in this place.
 E = Time spent auto-exploring this place.
 F = Levels seen in this place.
 G = Mean time per level.
                   A        B        C        D        E       F      G
               +--------+--------+--------+--------+--------+-----+--------+
         Total |   2004 |   1964 |     40 |     86 |   1302 |   4 |  501.0 |
       Dungeon |   1766 |   1726 |     40 |     86 |   1141 |   3 |  588.7 |
         Sewer |    238 |    238 |      0 |      0 |    160 |   1 |  238.0 |
               +--------+--------+--------+--------+--------+-----+--------+

Top non-repeatable levels by time:
     D:2: 783 daAuts
     D:1: 700 daAuts
     D:3: 283 daAuts
   Sewer: 238 daAuts
